[Event "Late-Titled-Tuesday-Blitz-February-06-2024"]
[Site "Chess.com"]
[Date "2024.02.06"]
[Round "8"]
[White "goldihouse"]
[Black "VitaliyChayka"]
[Result "0-1"]
[WhiteElo "2597"]
[BlackElo "2460"]
[TimeControl "180+1"]
[EndTime "15:29:41 PST"]
[Termination "VitaliyChayka won on time"]

1. c4 d6 2. g3 e5 3. Bg2 Nf6 4.
Nc3 Be7 5. e3 O-O 6. Nge2 c6 7. d4 Nbd7 8. O-O Qc7 9. b3 Re8 10.
Ba3 Bf8 11. Qc2 g6 12. Rac1 exd4 13. Nxd4 Nc5 14. h3 Ne6 15. Nxe6 Bxe6 16. Rfd1 Rad8 17. e4 h5 18. Qd2 Qc8 19. Kh2 h4 20. g4 Bxg4 21.
hxg4 Nxg4+ 22. Kg1 Bh6 23. f4 Qc7 24. Ne2 Qb6+ 25.
Qd4 Qa5 26. Bb2 Ne5 27. Ra1 h3 28. fxe5 dxe5 29. Qc3 Qc5+ 30. Kh2 hxg2 31. Kxg2 Rxd1 32. Rxd1 Kg7 33. b4 Qe7 34. c5 a5 35. a3 axb4 36.
axb4 Bg5 37. Rd6 Bf6 38. Qf3 Ra8 39. Rd2 Qe6 40. Qh3 Qe7 41. Rd7 Qe8 42. Rd2 Qe7 43. Bc3 Ra3 44. Qd7 Qf8 45. Qxb7 Qh8 46. Rd7 Ra2 47.
Rxf7+ Kh6 48. Kf3 Kg5 49. Qd7 Qh1+ 0-1

[Event "Late-Titled-Tuesday-Blitz-February-06-2024"]
[Site "Chess.com"]
[Date "2024.02.06"]
[Round "8"]
[White "Jarrahi2452"]
[Black "Njal28"]
[Result "1-0"]
[WhiteElo "2812"]
[BlackElo "2992"]
[TimeControl "180+1"]
[EndTime "15:29:44 PST"]
[Termination "Jarrahi2452 won on time"]

1. d4 Nf6 2. Bf4 d5 3. e3 Bg4 4. Nf3 e6 5. Nbd2 c5 6. c3 Nc6 7. h3 Bh5 8. Bd3 Bd6 9. Bxd6 Qxd6 10. O-O O-O 11. a4 Rad8 12. Qb1 Rfe8 13. dxc5 Qxc5 14. e4 Bxf3 15. Nxf3 d4 16. Rc1 Qh5 17. b4 Ne5 18.
Nxe5 Qxe5 19. c4 Nh5 20. c5 Nf4 21. b5 Qg5 22. g3 Nxh3+ 23. Kg2 Nf4+ 24. Kf1 Ng6 25.
c6 b6 26. a5 h5 27. axb6 axb6 28. Qc2 h4 29. gxh4 Qxh4 30. Ke1 Nf4 31. c7 Rc8 32.
Bf1 d3 33. Qc6 d2+ 34. Kxd2 Qxf2+ 35. Kc3 Qe3+ 36. Kb2 Qd2+ 37. Rc2 Qb4+ 38. Kc1 Rf8 39. Qxb6 Qxe4 40. Qc6 Qe1+ 41. Kb2 Qb4+ 42. Kc1 Nd5 43. b6 Qe1+ 44. Kb2 Qb4+ 45. Kc1 Nxb6 46. Ba6 Qe1+ 47.
Kb2 Qb4+ 48. Kc1 Nd5 49. Bxc8 Qe1+ 50. Kb2 Qb4+ 51. Kc1 Rxc8 52. Ra8 Qe1+ 53. Kb2 Qb4+ 54. Ka2 1-0

[Event "Late-Titled-Tuesday-Blitz-February-06-2024"]
[Site "Chess.com"]
[Date "2024.02.06"]
[Round "8"]
[White "Balla_Tamas"]
[Black "Ducke13"]
[Result "0-1"]
[WhiteElo "2394"]
[BlackElo "2310"]
[TimeControl "180+1"]
[EndTime "15:29:44 PST"]
[Termination "Ducke13 won by checkmate"]

1. e4 c5 2. c3 d5 3. exd5 Qxd5 4.
d4 Nc6 5. Nf3 cxd4 6. cxd4 Bf5 7.
Nc3 Qd7 8. d5 O-O-O 9. dxc6 Qxc6 10. Qb3 e5 11. Bb5 Qc7 12. O-O Nf6 13. Bg5 e4 14. Rac1 Bc5 15. Bxf6 gxf6 16. Nd5 Qd6 17.
Nd4 Qxd5 18. Qxd5 Rxd5 19. Nxf5 Rxf5 20. b4 b6 21. bxc5 bxc5 22. Rfe1 Re5 23. Rc4 f5 24. Rec1 Kb7 25. Rxc5 Rxc5 26. Rxc5 f4 27. h3 Kb6 28. Rf5 e3 29. fxe3 fxe3 30. Re5 f6 31. Rf5 Rd8 32. Kf1 Rd2 33. Be2 Rxa2 34. Rxf6+ Kc5 35.
Bf3 a5 36. Re6 Kd4 37. Re4+ Kd3 38. Kg1 a4 39. Kh2 a3 40. Re7 Rf2 41. Rd7+ Kc3 42. Rc7+ Kb2 43. Kg3 a2 44. Rb7+ Kc1 45. Ra7 Rc2 46.
Kf4 e2 47. Be4 e1=Q 48. Bxc2 Kxc2 49. Rxa2+ Kb3 50. Ra7 Qd2+ 51. Kg4 Qd4+ 52. Kh5 Qxa7 53. g4 Qg7 54. h4 Qg6# 0-1

[Event "Late-Titled-Tuesday-Blitz-February-06-2024"]
[Site "Chess.com"]
[Date "2024.02.06"]
[Round "8"]
[White "Nf3c5"]
[Black "Schattman"]
[Result "1-0"]
[WhiteElo "2564"]
[BlackElo "2380"]
[TimeControl "180+1"]
[EndTime "15:29:46 PST"]
[Termination "Nf3c5 won on time"]

1. e4 c6 2. d4 d5 3. e5 Bf5 4. h4 h5 5. c4 e6 6. Nc3 dxc4 7.
Bxc4 Ne7 8. Nge2 Nd7 9. Ng3 Bg6 10. Bg5 Qa5 11. O-O Nb6 12. Bb3 Nf5 13. Nxf5 Bxf5 14. Bc2 Bxc2 15. Qxc2 Qb4 16. Rad1 Be7 17. a3 Qc4 18. Bxe7 Kxe7 19. Qd2 Kd7 20. Qg5 g6 21. Ne4 Rhf8 22. Nc5+ Ke8 23. Nxb7 Qb3 24. Nd6+ Kd7 25. Ne4 Qxb2 26. Nc5+ Ke8 27. Qf6 Qa2 28. Rd3 Qd5 29. Re1 Nd7 30. Nxd7 Qxd7 31. Rc1 Rc8 32. Qf4 Ke7 33.
Rdc3 Rfd8 34. Qf6+ Ke8 35. Rf3 Qe7 36. Qg7 Qf8 37.
Qf6 Qe7 38. Qf4 Rd5 39. Rc4 Kd7 40. Rb3 Rc7 41. Rcb4 a5 42. Rb8 Rc8 43. R3b7+ Rc7 44. Qh6 Rb5 45. Rxb5 cxb5 46. Rxb5 Kc6 47. Rc5+ Kd7 48.
Qc1 Rxc5 49. dxc5 Kc6 50. Qd2 Qxc5 51. Qf4 Qe7 52. a4 Kb6 53. Qc4 Qc7 54. Qf4 1-0

[Event "Late-Titled-Tuesday-Blitz-February-06-2024"]
[Site "Chess.com"]
[Date "2024.02.06"]
[Round "8"]
[White "Orest_Vovk"]
[Black "K_A_S_T_O_R"]
[Result "0-1"]
[WhiteElo "2584"]
[BlackElo "2867"]
[TimeControl "180+1"]
[EndTime "15:29:49 PST"]
[Termination "K_A_S_T_O_R won on time"]

1. h4 d5 2. h5 h6 3. e4 Nf6 4.
Nc3 Nxe4 5. Nxe4 dxe4 6. Qe2 Nd7 7. Qxe4 Nf6 8. Qd3 c6 9. Qxd8+ Kxd8 10. Bc4 Ke8 11.
Nf3 Bf5 12. d3 e6 13. Bf4 Bg4 14. Ne5 Bxh5 15. f3 g5 16. Bh2 Rg8 17. g4 Bg6 18. Nxg6 Rxg6 19. d4 Rd8 20. O-O-O Bd6 21. Bxd6 Rxd6 22.
Bd3 Rg7 23. Rxh6 Ke7 24. c3 Rg8 25. Be4 b6 26. Rdh1 c5 27. dxc5 bxc5 28. Rh8 Rdd8 29. Rxg8 Rxg8 30. Kc2 Rd8 31. a4 c4 32. a5 Nd7 33. Rh5 Kf6 34. Rh6+ Ke5 35. Rh5 Kf4 36. Rh7 Rf8 37. b3 cxb3+ 38. Kxb3 Nc5+ 39. Kb4 Nxe4 40. fxe4 Kxe4 41. c4 f5 42. gxf5 exf5 43. Rxa7 f4 44. Re7+ Kf5 45. a6 f3 46. Re1 f2 47. Rf1 Ke4 48. a7 Ke3 49. c5 g4 50. c6 g3 51. c7 g2 52. Rc1 f1=Q 53. c8=Q Rxc8 54. Rxc8 Qb1+ 55. Ka5 Qa2+ 56. Kb6 g1=Q 57. a8=Q Kd3+ 58. Kc7 Qg7+ 0-1

[Event "Late-Titled-Tuesday-Blitz-February-06-2024"]
[Site "Chess.com"]
[Date "2024.02.06"]
[Round "8"]
[White "SpeedofLight0"]
[Black "VladimirKramnik"]
[Result "1-0"]
[WhiteElo "3049"]
[BlackElo "2920"]
[TimeControl "180+1"]
[EndTime "15:29:53 PST"]
[Termination "SpeedofLight0 won on time"]

1. d4 Nf6 2. Nc3 d5 3. Bf4 c5 4. e3 cxd4 5. exd4 Bd7 6. Nf3 e6 7. Nb5 Bxb5 8. Bxb5+ Nc6 9. c3 Bd6 10. Bg5 O-O 11. O-O Qc7 12. Bd3 Ne4 13. Bc1 f5 14. g3 Rae8 15. Nh4 Qf7 16. Ng2 Kh8 17. f3 Nf6 18.
Bf4 Bxf4 19. Nxf4 g5 20. Ng2 f4 21. Qd2 Nh5 22. g4 Nf6 23. h4 h6 24. Rae1 Kg7 25.
Kf2 e5 26. dxe5 Nxe5 27. Bf5 Qc7 28. Kg1 Qb6+ 29. Kh2 Nc4 30. Qd4 Qxd4 31. cxd4 Nxb2 32. Rb1 Re2 33. Rfc1 Rf7 34. Kg1 Rfe7 35. Re1 b6 36.
Rxb2 Rxe1+ 37. Nxe1 Rxe1+ 38. Kf2 Rc1 39. Re2 gxh4 40.
Kg2 Kf7 41. Kh3 Rh1+ 42. Kg2 Rd1 43. Rc2 Rxd4 44. Rc7+ Kf8 45. Rxa7 Rd2+ 46. Kh3 Rf2 47. Be6 Rxf3+ 48. Kxh4 Ne4 49. Bxd5 Re3 50. Rf7+ Ke8 51. Rxf4 Ng5 52. Kh5 Rh3+ 53. Kg6 Ke7 54. Rb4 Kd6 55.
Bb3 Kc5 56. Rf4 Rh2 57. Rf5+ Kb4 58. Rf6 Ka5 59. Kg7 Ne4 60. Rxh6 Rg2 61. Rg6 Nc5 62. Bd5 Rd2 63. Rg5 Kb4 64. Rf5 b5 65.
g5 Rd3 66. g6 Ka3 67. Kf7 Rg3 68. g7 1-0

[Event "Late-Titled-Tuesday-Blitz-February-06-2024"]
[Site "Chess.com"]
[Date "2024.02.06"]
[Round "8"]
[White "Jospem"]
[Black "Vladimir_Zakhartsov"]
[Result "1-0"]
[WhiteElo "3046"]
[BlackElo "2834"]
[TimeControl "180+1"]
[EndTime "15:29:53 PST"]
[Termination "Jospem won on time"]

1. e4 c5 2. Nf3 d6 3. c3 Nf6 4.
h3 g6 5. Bd3 Bg7 6. Bc2 Nc6 7.
O-O O-O 8. d4 cxd4 9. cxd4 e5 10. d5 Nb4 11. Nc3 Nxc2 12. Qxc2 Ne8 13. Bg5 f6 14. Bd2 f5 15. Rac1 h6 16. Qb3 Rf7 17.
Rc2 Nf6 18. exf5 Bxf5 19. Rcc1 Ne4 20. Nxe4 Bxe4 21. Nh2 Qb6 22. Ng4 Qxb3 23. axb3 Bxd5 24. Nxh6+ Bxh6 25. Bxh6 Bxb3 26. Rc3 Ba4 27. Re1 Bc6 28. Bg5 Re8 29. Rce3 Rf5 30. h4 e4 31. Rg3 Kf7 32. Rd1 Rd5 33. Rxd5 Bxd5 34. Be3 a6 35. Rg5 Bc6 36. h5 gxh5 37. Rxh5 Ke6 38. Kh2 Rf8 39. g4 d5 40. Bd4 Rf3 41. Rh6+ Ke7 42. g5 Bd7 43. Bc5+ Ke8 44. Rh8+ Kf7 45. Rh7+ Ke8 46. g6 Bf5 47. Re7+ Kd8 48. g7 Bh7 49. Rxb7 Ke8 50.
Re7+ Kd8 51. Ra7 Ke8 52. Bd4 Bg8 53. Rxa6 Rd3 54. Ra8+ Kf7 55. Be5 Rf3 56. Rf8+ Kg6 57. Rxg8 Rxf2+ 58. Kg1 e3 59. Re8 1-0

[Event "Late-Titled-Tuesday-Blitz-February-06-2024"]
[Site "Chess.com"]
[Date "2024.02.06"]
[Round "8"]
[White "Ajedrez_con_German"]
[Black "ninguno46"]
[Result "1/2-1/2"]
[WhiteElo "2663"]
[BlackElo "2539"]
[TimeControl "180+1"]
[EndTime "15:29:54 PST"]
[Termination "Game drawn by repetition"]

1. Nf3 c5 2. c4 Nc6 3. g3 g6 4.
Bg2 Bg7 5. O-O e6 6. Nc3 Nge7 7. d4 cxd4 8. Nb5 O-O 9. Nbxd4 d5 10. cxd5 exd5 11. Be3 Bg4 12. h3 Bd7 13. Qd2 Re8 14.
Rac1 Nf5 15. Nxf5 Bxf5 16. Rfd1 Be4 17. Bf1 Bxf3 18. exf3 d4 19. Bf4 Qd7 20. Kh2 a6 21. Bg2 Rac8 22. Bh6 Bh8 23. h4 Qd5 24. b3 Ne5 25.
Rxc8 Rxc8 26. Kh1 Nc6 27. Bf4 Re8 28. Re1 Qd7 29. Kh2 h5 30. Bg5 Rxe1 31. Qxe1 Qe6 32. Qxe6 fxe6 33. Bd2 Kf7 34. f4 Bf6 35. Be4 e5 36.
fxe5 Bxe5 37. Kg2 Kf6 38. Kf3 Kf7 39. Bd5+ Kf6 40. Bg5+ Kg7 41. Bxc6 bxc6 42. Ke4 Bc7 43. Be7 Bb6 44. f3 Kf7 45. Bd6 Ke6 46. Bb4 c5 47.
Bd2 Bc7 48. g4 Bg3 49. Bg5 a5 50. gxh5 gxh5 51. f4 Kf7 52. f5 Be1 53. Kd3 Kg7 54. Kc4 Kf7 55. Kd3 Kg7 56. Kc4 Kf7 57. Kd3 1/2-1/2

[Event "Late-Titled-Tuesday-Blitz-February-06-2024"]
[Site "Chess.com"]
[Date "2024.02.06"]
[Round "8"]
[White "Kostukov_Alex"]
[Black "Vasily85"]
[Result "1-0"]
[WhiteElo "2288"]
[BlackElo "2471"]
[TimeControl "180+1"]
[EndTime "15:29:55 PST"]
[Termination "Kostukov_Alex won on time"]

1. g3 Nf6 2. Bg2 g6 3. c4 Bg7 4.
Nf3 O-O 5. O-O d6 6. d4 c6 7. Nc3 Qa5 8. h4 e5 9. d5 cxd5 10. cxd5 b5 11. Bg5 Nbd7 12. Nd2 b4 13. Nce4 Nxe4 14. Nxe4 f6 15. Bd2 Qb6 16. Be3 Qb8 17. Rc1 f5 18. Ng5 f4 19. Bd2 fxg3 20. fxg3 Nf6 21.
Ne6 Bxe6 22. dxe6 Qb6+ 23. Kh1 Rae8 24. Qb3 Kh8 25. Rc6 Qd4 26. Qxb4 Ng4 27. Rxf8+ Rxf8 28. Qxd4 exd4 29. Rxd6 Be5 30. Rd7 Bxg3 31. Bf3 Nf2+ 32. Kg2 Bxh4 33. Rxd4 Bf6 34. Rd7 Nd1 35. Bb4 Ne3+ 36.
Kf2 Ng4+ 37. Bxg4 Be7+ 38. Bf3 Bxb4 39. a3 Bc5+ 40. Kg2 Re8 41. Bd5 Re7 42. Rd8+ Kg7 43. e4 h5 44. b4 Bb6 45. a4 Kf6 46. a5 Bd4 47. Kf3 Ke5 48. Rg8 Kf6 49. Rf8+ Kg5 50.
b5 Bc3 51. b6 axb6 52. a6 b5 53. Rf7 1-0

[Event "Late-Titled-Tuesday-Blitz-February-06-2024"]
[Site "Chess.com"]
[Date "2024.02.06"]
[Round "8"]
[White "koziororo"]
[Black "Cambek64"]
[Result "1/2-1/2"]
[WhiteElo "2608"]
[BlackElo "2502"]
[TimeControl "180+1"]
[EndTime "15:29:57 PST"]
[Termination "Game drawn by agreement"]

1. e4 e6 2. b3 d5 3. Bb2 dxe4 4.
Nc3 Nf6 5. Qe2 Bd7 6. Nxe4 Nxe4 7.
Qxe4 Bc6 8. Qg4 Nd7 9. O-O-O Nf6 10. Qe2 Be7 11. Nf3 Bxf3 12. Qxf3 c6 13. g4 Qd5 14.
Bg2 Qxf3 15. Bxf3 O-O 16. h4 Rfd8 17. Rde1 Bc5 18. Rh2 Bd4 19. g5 Bxb2+ 20. Kxb2 Nd5 21. d3 Rd7 22. h5 Re8 23. g6 fxg6 24. hxg6 hxg6 25. Rg1 Rf8 26. Be4 Ne7 27. f3 Rf6 28. Rgh1 Rf8 29. Kc3 Kf7 30. Rg1 Rdd8 31. Rhg2 Rh8 32.
Bxg6+ Nxg6 33. Rxg6 Rh7 34. R6g4 Rd5 35. d4 Rf5 36. f4 Rfh5 37. Kc4 b6 38. a4 Rh4 39. c3 Rxg4 40. Rxg4 Kf6 41. a5 Kf5 42. Rg1 Kxf4 43. axb6 axb6 44. b4 g5 45. b5 Rc7 46. Rf1+ Kg4 47.
Re1 cxb5+ 48. Kxb5 Rxc3 49. Rxe6 Rd3 50. Kc4 Rd1 51.
Rxb6 Kf5 52. Rb5+ Kf4 53. Rb8 g4 54. d5 g3 55. Rf8+ Ke3 56. Rg8 Kf2 57. Kc5 g2 58. d6 Rd3 59. Kc6 Rg3 60. Rxg3 Kxg3 61. d7 g1=Q 62.
d8=Q Qg2+ 63. Kc5 Qf2+ 64. Kb4 Qf4+ 65. Kc3 Qf3+ 66. Kd2 Qf2+ 67. Kd1 Qf3+ 68. Kc2 Qe2+ 69. Kc3 Qe3+ 70. Kc4 Qc1+ 1/2-1/2

[Event "Late-Titled-Tuesday-Blitz-February-06-2024"]
[Site "Chess.com"]
[Date "2024.02.06"]
[Round "8"]
[White "ChEsper99"]
[Black "TheoSlade"]
[Result "1-0"]
[WhiteElo "2264"]
[BlackElo "2451"]
[TimeControl "180+1"]
[EndTime "15:29:57 PST"]
[Termination "ChEsper99 won by resignation"]

1. e4 e5 2. Nf3 Nc6 3. Bc4 Bc5 4. d3 Nf6 5. O-O O-O 6. Re1 Ng4 7. Re2 Kh8 8. h3 f5 9. Nc3 d6 10. exf5 Nf6 11.
Ne4 Bxf5 12. Nxc5 dxc5 13. Nxe5 Nxe5 14. Rxe5 Nd7 15. Re1 Qf6 16. Be3 b6 17. d4 cxd4 18. Qxd4 Qg6 19. Kh1 Rad8 20. c3 Nc5 21. Qh4 Nd3 22.
Bxd3 Bxd3 23. Qg5 Qxg5 24. Bxg5 Rd5 25. Bh4 Bf5 26. Rad1 Rxd1 27. Rxd1 Be6 28. b3 g5 29. Bg3 c6 30. f3 b5 31. Kg1 Kg8 32. Kf2 Re8 33. Rd4 Kf7 34. Bd6 Bd5 35. c4 bxc4 36. bxc4 Be6 37. a4 Rd8 38. Bc5 Rxd4 39. Bxd4 Bxc4 40.
Bxa7 Ke6 41. a5 Kd5 42. Be3 h6 43. h4 gxh4 44. Bxh6 c5 45. Bg5 h3 46. gxh3 Bd3 47. Ke3 c4 48. Kd2 Bf1 49. h4 Bh3 50. Kc3 Bf5 51.
Be3 Bd3 52. h5 Kc6 53. a6 Kc7 54. a7 Kb7 55. h6 Ka8 56. Kd4 Kb7 57. Ke5 c3 58. f4 c2 59. f5 Bxf5 60. Kxf5 c1=Q 61.
Bxc1 Kxa7 62. h7 1-0

[Event "Late-Titled-Tuesday-Blitz-February-06-2024"]
[Site "Chess.com"]
[Date "2024.02.06"]
[Round "8"]
[White "Harsha_Bharathakoti"]
[Black "GothamChess"]
[Result "1-0"]
[WhiteElo "2915"]
[BlackElo "2719"]
[TimeControl "180+1"]
[EndTime "15:30:00 PST"]
[Termination "Harsha_Bharathakoti won by resignation"]

1. Nf3 g6 2. d4 Bg7 3. e4 d6 4. Bc4 Nc6 5. Be3 e5 6. d5 Nce7 7. Nfd2 f5 8. f3 h5 9. h3 Bh6 10. Bxh6 Nxh6 11. Qe2 a6 12. Nc3 h4 13. a4 Neg8 14. f4 Qe7 15. fxe5 Qxe5 16. O-O-O Nf6 17. Rde1 O-O 18. Qe3 f4 19. Qf2 Qg5 20. Nf3 Qg3 21.
Qd2 b5 22. Bd3 b4 23. Ne2 Qf2 24. Nxf4 Qxd2+ 25. Kxd2 Kg7 26. e5 dxe5 27. Nxg6 Rd8 28. Ngxe5 Rxd5 29. Nxh4 Bf5 30. Nxf5+ Nxf5 31. Rhf1 Ng3 32.
Rf3 Nge4+ 33. Kc1 Rad8 34. Nc4 Nc5 35. Bf1 Nfe4 36. b3 Nc3 37. Bd3 Nxd3+ 38. Rxd3 Rxd3 39. cxd3 Rxd3 40. Re7+ Kf6 41. Rxc7 Rd1+ 42. Kc2 Rg1 43.
Rc6+ Kf5 44. Rxa6 Rxg2+ 45. Kd3 Rg3+ 46. Kd4 Ne2+ 47. Kc5 Rxb3 48. Rb6 Rxh3 49. Rxb4 Nc3 50. a5 Rh6 51. Nb6 Ke5 52. Rb2 Ne4+ 53. Kb5 Nd6+ 54.
Ka6 Nc4 55. Re2+ Kd4 56. Re1 Nxa5 57. Kxa5 Rh5+ 58. Kb4 Kd3 59. Nc4 Rh4 60. Rd1+ Kc2 61. Rd2+ Kc1 62. Rg2 Kd1 63. Kc3 Ke1 64. Kd3 Kf1 65.
Ne3+ 1-0

[Event "Late-Titled-Tuesday-Blitz-February-06-2024"]
[Site "Chess.com"]
[Date "2024.02.06"]
[Round "8"]
[White "DonMicheleCorleone"]
[Black "GlavkonVVS"]
[Result "1-0"]
[WhiteElo "2506"]
[BlackElo "2609"]
[TimeControl "180+1"]
[EndTime "15:30:00 PST"]
[Termination "DonMicheleCorleone won on time"]

1. e4 Nf6 2. Nc3 d5 3. e5 Nfd7 4. d4 e6 5. f4 c5 6. Nf3 Nc6 7. Be3 a6 8. Qd2 b5 9. dxc5 Bxc5 10. O-O-O Qb6 11. Bxc5 Nxc5 12. Nd4 Bb7 13. Nce2 Ne4 14. Qe1 Rc8 15. Nxc6 Bxc6 16. Ng3 Nf2 17. f5 Nxd1 18. Qxd1 Qe3+ 19. Kb1 Qxe5 20. Bd3 O-O 21. Re1 Qf6 22.
Nh5 Qh6 23. g4 exf5 24. gxf5 Kh8 25. Rg1 Rg8 26. Qg4 Rce8 27. a3 Bd7 28. Rg3 Re3 29. Rg1 Rge8 30. Ka2 Re1 31. Qxg7+ Qxg7 32. Rxg7 Rf8 33. f6 Re4 34. Bxe4 dxe4 35. Ng3 e3 36. Kb1 Bc6 37. Kc1 Bf3 38. Rg5 Rd8 39. c4 e2 40.
Nxe2 Bxe2 41. cxb5 Bxb5 42. Kc2 Rd6 43. a4 Bd7 44.
Rc5 Rxf6 45. Rc7 Bf5+ 46. Kc3 Kg7 47. b4 Bg6 48. b5 axb5 49. axb5 Rf3+ 50. Kd4 Rh3 51. b6 Rxh2 52. Rc4 Rb2 53. Kc5 Kf6 54. Kc6 Ke6 55. b7 h5 56. Kc7 Kd5 57. Rc6 h4 58. Rb6 1-0

[Event "Late-Titled-Tuesday-Blitz-February-06-2024"]
[Site "Chess.com"]
[Date "2024.02.06"]
[Round "8"]
[White "smotherhubbard"]
[Black "matagordo"]
[Result "0-1"]
[WhiteElo "2344"]
[BlackElo "2241"]
[TimeControl "180+1"]
[EndTime "15:30:01 PST"]
[Termination "matagordo won by checkmate"]

1. d4 Nf6 2. c4 d6 3. Nc3 e5 4. Nf3 e4 5. Nd2 Qe7 6. f3 Bf5 7. Qc2 c5 8. d5 Nbd7 9. Ndxe4 Bxe4 10. fxe4 g6 11. g3 Bg7 12. Bg2 O-O 13. O-O a6 14. a3 Rfe8 15. b4 cxb4 16. axb4 Nxe4 17. Bxe4 Bxc3 18.
Qxc3 Qxe4 19. Bb2 Qe3+ 20. Rf2 Qxc3 21. Bxc3 Rac8 22. Raf1 Re7 23. Rf4 Nb6 24. Bf6 Rd7 25.
Rc1 Nxd5 26. Rd4 Nxf6 27. Rcd1 Rc6 28. e4 Ng4 29. c5 Ne5 30. Rxd6 Rcxd6 31. cxd6 f6 32.
Kf2 Kf7 33. Rd5 Ke6 34. Ke3 Rxd6 35. Rc5 Rc6 36. Kd4 Rxc5 37. Kxc5 Kd7 38. Kb6 Kc8 39. Kc5 Kc7 40. Kd5 Kd7 41. h4 h5 42.
Kc5 Nc6 43. b5 axb5 44. Kxb5 Ne5 45. Kb6 Ke6 46. Kxb7 f5 47. exf5+ Kxf5 48. Kc7 Kg4 49.
Kd6 Kxg3 50. Kxe5 Kxh4 51. Kf6 g5 52. Kf5 g4 53. Kf4 Kh3 54. Ke3 g3 55. Kf3 Kh2 56. Kf4 g2 57. Kf3 g1=Q 58. Ke2 Qd4 59. Kf3 Qg4+ 60.
Ke3 Kg3 61. Kd3 Qf4 62. Ke2 Qf3+ 63. Kd2 Kf4 64. Kc2 Ke4 65. Kd2 Kd4 66. Kc2 Qd3+ 67.
Kb2 Qc3+ 68. Kb1 Qd2 69. Ka1 Kc3 70. Kb1 Kb3 71. Ka1 Qe1# 0-1

[Event "Late-Titled-Tuesday-Blitz-February-06-2024"]
[Site "Chess.com"]
[Date "2024.02.06"]
[Round "8"]
[White "ChessLover0108"]
[Black "LikeWater"]
[Result "1-0"]
[WhiteElo "3007"]
[BlackElo "2782"]
[TimeControl "180+1"]
[EndTime "15:30:03 PST"]
[Termination "ChessLover0108 won on time"]

1. g3 e5 2. Nf3 e4 3. Nd4 d5 4.
d3 exd3 5. cxd3 Nf6 6. Bg2 Be7 7.
O-O O-O 8. Nc3 c5 9. Nb3 h6 10. Bf4 Be6 11. d4 Na6 12. dxc5 Nxc5 13. Nd4 Qb6 14. Rb1 a6 15. Be3 Ng4 16. Bf4 Rfd8 17.
Nxe6 fxe6 18. e4 Nf6 19. e5 Nfe4 20. Qg4 Kh7 21. Nxe4 Nxe4 22. Be3 Qb4 23. Qxe6 Bc5 24. a3 Qb5 25. Bxe4+ dxe4 26. Qf5+ Kh8 27. Qxe4 Bxe3 28. Qxe3 Rd3 29. Qe4 Rad8 30. e6 Rd2 31. e7 Re8 32.
Rfe1 Rxb2 33. Rxb2 Qxb2 34. Qg6 Qb5 35. Qf7 Qd7 36. h4 Qc6 37. Re6 Qd7 38. g4 Qd1+ 39. Kh2 Qd7 40. g5 hxg5 41. hxg5 b5 42. Re3 Qd6+ 43.
Kg2 Qc6+ 44. Kg1 Qc1+ 45. Kh2 Qc7+ 46. f4 Qc2+ 47. Kg3 Qc6 48. Kg4 Qd7+ 49. Kh4 a5 50. Rh3 1-0

[Event "Late-Titled-Tuesday-Blitz-February-06-2024"]
[Site "Chess.com"]
[Date "2024.02.06"]
[Round "8"]
[White "MeisterJabo"]
[Black "ImportedItalianMaple"]
[Result "1/2-1/2"]
[WhiteElo "2351"]
[BlackElo "2498"]
[TimeControl "180+1"]
[EndTime "15:30:06 PST"]
[Termination "Game drawn by stalemate"]

1. c4 Nf6 2. g3 e6 3. Bg2 d5 4.
Nf3 Nbd7 5. O-O Be7 6. d4 O-O 7. b3 dxc4 8. bxc4 c5 9. d5 Nb6 10.
Nc3 Nxc4 11. e4 exd5 12. exd5 Bg4 13. Bf4 Bd6 14. Qd3 Bxf4 15. Qxc4 Bd6 16. Rab1 b6 17.
Rfd1 Re8 18. Nb5 Bf5 19. Rbc1 a6 20. Nxd6 Qxd6 21. Nh4 Bd7 22. Re1 Rxe1+ 23. Rxe1 b5 24. Qc2 Re8 25. Rxe8+ Nxe8 26. a4 Nf6 27. Nf5 Bxf5 28.
Qxf5 g6 29. Qc8+ Kg7 30. axb5 axb5 31. Qb7 b4 32. h3 c4 33. g4 c3 34. g5 Nd7 35.
Be4 Nc5 36. Qxb4 Nxe4 37. Qxe4 Qc7 38. Qd4+ Kg8 39. d6 Qd8 40. Qxc3 Qxg5+ 41. Qg3 Qc1+ 42.
Kh2 Qd2 43. Kg2 h5 44. h4 Kh7 45. Qe5 Qb4 46. Qf6 Qg4+ 47. Kh2 Kg8 48. Qd8+ Kg7 49. Qg5 Qe6 50. Qg3 f6 51. Kg2 Kf7 52. Qd3 f5 53. Qe3 Qxe3 54. fxe3 Ke6 55. Kf3 Kxd6 56. Kf4 Kd5 57.
Kg5 Ke4 58. Kxg6 Kxe3 59. Kxf5 Kd4 60. Kg5 Ke5 61. Kxh5 Kf5 62. Kh6 Kf6 63. Kh7 Kf7 64. h5 Kf8 65. Kh8 Kf7 66. h6 Kf8 67. h7 Kf7 1/2-1/2

[Event "Late-Titled-Tuesday-Blitz-February-06-2024"]
[Site "Chess.com"]
[Date "2024.02.06"]
[Round "8"]
[White "Philippians46"]
[Black "lucliasco"]
[Result "0-1"]
[WhiteElo "2688"]
[BlackElo "2879"]
[TimeControl "180+1"]
[EndTime "15:30:09 PST"]
[Termination "lucliasco won by checkmate"]

1. d4 d5 2. c4 Nc6 3. Nf3 Bg4 4. Nbd2 e6 5. e3 Nf6 6. Be2 Bd6 7. O-O O-O 8. b3 a5 9. a3 Ne4 10. Bb2 f5 11. h3 Bxf3 12. Nxf3 Qf6 13. c5 Bxc5 14. Ne5 Bd6 15. Nd7 Qh4 16. Nxf8 Rxf8 17. Bd3 g5 18.
Bxe4 Qxe4 19. Qh5 Rf6 20. Rac1 Kg7 21. Qf3 Qh4 22. b4 g4 23. g3 gxf3 24. gxh4 Rg6+ 25. Kh1 axb4 26. axb4 Nxb4 27. Ba3 Nd3 28. Bxd6 cxd6 29. Rc3 Nb2 30. Rg1 Nc4 31. Rb3 b6 32. Rbb1 Kf6 33. Rxg6+ hxg6 34. Kh2 Nd2 35. Rxb6 Ne4 36. Kg1 f4 37.
exf4 Nc3 38. Kh2 Ne2 39. Rxd6 Nxd4 40. Rd8 Ne2 41. Rf8+ Ke7 42. Rg8 d4 43. Rh8 d3 44.
Ra8 d2 45. Ra1 Nc1 46. Ra7+ Ke8 47. Ra8+ Kd7 48. Ra7+ Kc6 49. Ra6+ Kc5 50. Ra5+ Kb4 51. Re5 d1=Q 52. Kg3 Qg1+ 53. Kxf3 Nd3 54. Rxe6 Kc4 55. f5 gxf5 56. h5 Kd5 57. Re8 Ne5+ 58. Kf4 Qxf2+ 59. Kg5 Qg3+ 60. Kf6 Qh4+ 61. Kg7 Qg5+ 62. Kf8 Qf6+ 63. Kg8 Qf7+ 64. Kh8 Qxe8+ 65. Kh7 Qf7+ 66. Kh6 Qf6+ 67. Kh7 f4 68. h4 f3 69. h6 Qg6+ 70. Kh8 Nf7# 0-1

[Event "Late-Titled-Tuesday-Blitz-February-06-2024"]
[Site "Chess.com"]
[Date "2024.02.06"]
[Round "8"]
[White "Karttunen"]
[Black "Rawnsdale"]
[Result "1/2-1/2"]
[WhiteElo "2639"]
[BlackElo "2530"]
[TimeControl "180+1"]
[EndTime "15:30:12 PST"]
[Termination "Game drawn by repetition"]

1. e4 c6 2. d4 d5 3. e5 c5 4. Nf3 Nc6 5. dxc5 Bg4 6. c3 a5 7.
Nbd2 e6 8. h3 Bh5 9. Nb3 a4 10.
Nbd4 Bxc5 11. g4 Bg6 12. Bb5 Qb6 13. Bxa4 Ne7 14. O-O O-O 15. Re1 Be4 16. Bxc6 Nxc6 17. Ng5 Nxd4 18. Nxe4 dxe4 19. cxd4 Bxd4 20. Rxe4 Bxf2+ 21.
Kg2 Rad8 22. Qe2 Bc5 23. Bg5 Rd4 24. b3 Qc6 25. Kf3 f5 26. exf6 gxf6 27. Bh6 f5 28. gxf5 Rxf5+ 29. Bf4 e5 30. Rg1+ Kf8 31. Rg4 Qxe4+ 32.
Qxe4 Rxe4 33. Kxe4 Rxf4+ 34. Rxf4+ exf4 35. Kxf4 Kf7 36. Kf5 Ke7 37. Ke5 Be3 38. b4 Kd7 39. Kd5 Kc7 40. a4 Kb6 41. Kc4 Kc6 42. a5 Bf4 43. b5+ Kc7 44. Kc5 Be3+ 45. Kc4 Ba7 46. a6 b6 47. Kd5 Kd7 48. Ke5 Bb8+ 49. Kd5 Ba7 50. Ke5 h6 51. Kd5 Bb8 52. Ke4 Kc8 53. Kd4 Kd8 54. Ke4 Kd7 55. Kd5 Ba7 56. Ke5 Bb8+ 57.
Kd5 Kc7 58. Ke6 Ba7 59. Ke7 Bb8 60. Ke6 Kd8 61. h4 Kc7 62. h5 Kd8 63. Kf6 Kc8 64.
Kg6 Bf4 65. Kf5 Be3 66. Ke6 Kb8 67. Kd6 Ka7 68. Kc7 Bg5 69. Kc8 Bf4 70. Kd7 Kb8 71. Kc6 Be3 72. Kd7 Ka7 73. Kc8 Bg5 74. Kc7 Be3 75.
Kc8 Bc5 76. Kc7 Be3 77. Kc8 1/2-1/2

[Event "Late-Titled-Tuesday-Blitz-February-06-2024"]
[Site "Chess.com"]
[Date "2024.02.06"]
[Round "8"]
[White "rasmussvane"]
[Black "chenxiaoyuer"]
[Result "1-0"]
[WhiteElo "2960"]
[BlackElo "2759"]
[TimeControl "180+1"]
[EndTime "15:30:13 PST"]
[Termination "rasmussvane won by checkmate"]

1. Nf3 Nf6 2. g3 g6 3. Bg2 Bg7 4. O-O O-O 5. d4 d6 6. Re1 d5 7.
c4 c6 8. Qb3 Qb6 9. Nc3 Bf5 10.
h3 Na6 11. Bd2 dxc4 12. Qxc4 Qxb2 13. e4 Nxe4 14. Nxe4 Bxe4 15. Bc3 Bd5 16. Bxb2 Bxc4 17. Rxe7 b5 18. Ne5 Bxe5 19. dxe5 Nb4 20. Bd4 Bd5 21. Bc5 a5 22. a3 Nd3 23. Bd6 Bxg2 24. Kxg2 c5 25.
Rb7 b4 26. Rd1 Nb2 27. Rc1 Rfc8 28. Rxc5 Rxc5 29. Bxc5 Nd3 30. axb4 axb4 31. Bxb4 Nxe5 32. Bc3 Nc6 33. Rc7 Nd8 34. Rc4 Ne6 35. Bd2 Re8 36.
Be3 Nf8 37. g4 Nd7 38. Kg3 Nf8 39. h4 Ra8 40. h5 Ne6 41. Rb4 Re8 42. h6 Rf8 43. Rb7 Re8 44. Ra7 Rc8 45. f4 Rd8 46.
f5 Nf8 47. Kf3 Re8 48. Bd4 Rc8 49. Ke4 Re8+ 50. Kd5 Rd8+ 51. Kc4 Rc8+ 52. Kd3 Re8 53. Bc5 Rc8 54. Be7 Re8 55. Kd4 Rc8 56. Ke5 Re8 57. Kf6 Nd7+ 58. Rxd7 Rc8 59. Rd8+ Rxd8 60. Bxd8 Kf8 61.
Be7+ Kg8 62. Bd6 gxf5 63. gxf5 Kh8 64. Ke7 Kg8 65. Bf4 Kh8 66. Kf8 f6 67. Ke7 Kg8 68.
Kxf6 Kh8 69. Ke7 Kg8 70. f6 Kh8 71. Be3 Kg8 72. f7+ Kh8 73. f8=Q# 1-0